 Dungeon Crawl Stone Soup version 0.31-a0-187-gba352fbbf7 (webtiles) character file.

Game seed: 11238669479439396976

191 qw the Skirmisher (level 5, -1/29 HPs)
             Began as a Deep Elf Hunter on June 22, 2023.
             Slain by Pikel
             ... wielding a +1 whip of freezing
              (9 damage)
             ... on level 4 of the Dungeon.
             The game lasted 00:00:59 (2828 turns).

qw the Skirmisher (Deep Elf Hunter)                 Turns: 2828, Time: 00:01:00

Health: -1/29      AC:  7    Str: 10    XL:     5   Next: 42%
Magic:  7/7        EV: 11    Int: 14    God:
Gold:   280        SH:  0    Dex: 18    Spells: 4/4 levels left

rFire   . . .        Y - +1 shortbow (chaos)
rCold   . . .        (shield currently unavailable)
rNeg    . . .        n - +0 ring mail
rPois   .            (no helmet)
rElec   .            (no cloak)
rCorr   .            f - +1 pair of gloves
SInv    .            (no boots)
Will    .....        (no amulet)
Stlth   +            (no ring)
HPRegen 0.24/turn    (no ring)
MPRegen 0.10/turn

%: no passive effects
@: mighty, about to teleport
A: no striking features
a: no special abilities


You were on level 4 of the Dungeon.
You visited 1 branch of the dungeon, and saw 4 of its levels.

You collected 280 gold pieces.


   Skills:
 - Level 1.5 Fighting
 + Level 8.9 Ranged Weapons
 - Level 2.4 Dodging
 - Level 1.2 Stealth


You had 4 spell levels left.
You didn't know any spells.
Your spell library was empty.

Inventory:

Hand Weapons
 Y - a +1 shortbow of chaos (weapon)
Armour
 f - a +1 pair of gloves (worn)
 n - a +0 ring mail (worn)
Scrolls
 a - a scroll of teleportation
 j - a scroll of identify
Potions
 d - a potion of heal wounds {unknown}
 e - a potion of berserk rage {unknown}
 g - a potion of magic {unknown}
 h - a potion of might
 i - a potion of attraction {unknown}
 k - a potion of degeneration {unknown}

Dungeon Overview and Level Annotations

Branches:
Dungeon (4/15)
 Temple: D:4-7

Altars:
Cheibriados
Gozag
Ru
Sif Muna
Uskayaw

Annotations:
D:3 3 runed translucent doors, qw's ghost, amateur GrFi
D:4 Pikel


Message History

The lemure is severely wounded.
The hobgoblin misses you. The lemure misses you.
The kobold hits you with a +0 short sword.
You shoot an arrow. The arrow hits the lemure.
Space warps around the lemure!
You kill the lemure!
That felt strangely unrewarding.
The kobold hits you but does no damage. The hobgoblin hits you.
Pikel hits you with a +1 whip of freezing.
Pikel freezes you.
You shoot an arrow. The arrow closely misses Pikel.
The hobgoblin hits you. The kobold closely misses you. The lemure hits you.
Pikel hits you with a +1 whip of freezing.
Pikel freezes you. Pikel hits you but does no damage.
The hobgoblin hits you but does no damage.
The kobold hits you but does no damage. The lemure hits you but does no damage.
2825 ||| READING 2 scrolls of teleportation.
As you read the scroll of teleportation, it crumbles to dust.
You feel strangely unstable. The hobgoblin barely misses you.
The lemure barely misses you. The kobold hits you but does no damage.
Pikel zaps a wand.
You resist with some effort.
You shoot an arrow. The arrow hits Pikel.
The arrow freezes Pikel.
Pikel is lightly wounded.
The kobold barely misses you. The hobgoblin barely misses you.
Pikel zaps a wand.
Your will is overpowered!
You are confused.
The lemure hits you.
2827 ||| DRINKING potion of curing.
You feel better.
2827 ||| (to cure confusion)
The kobold hits you with a +0 short sword.
The hobgoblin closely misses you.
An endoplasm comes into view.
The lemure closely misses you.
Pikel zaps a wand.
You resist with some effort.
You shoot an arrow.
The arrow hits Pikel but does no damage.
Pikel is lightly wounded.
The hobgoblin hits you but does no damage.
The kobold barely misses you. The lemure hits you but does no damage.
Pikel hits you with a +1 whip of freezing!
You die...

.##
####..
.....####
#........
.......
#.###55J.
#...Kg5#
#@# #K#
#.# ...
##.## #.#
#.# #.#
#..


You could see Pikel, 3 lemures, an endoplasm, a hobgoblin and a kobold.

Vanquished Creatures
  A lemure (D:4)
  An orc priest (D:3)
  An orc wizard (D:3)
  A mummy (D:3)
  3 gnolls (D:2)
  2 adders
  5 dart slugs
  4 orcs (D:3)
  11 ball pythons
  5 endoplasms
  4 giant cockroaches
  4 hobgoblins
  6 kobolds
  5 bats
  2 frilled lizards (D:2)
  8 goblins
  4 rats
67 creatures vanquished.

Notes
Turn   | Place    | Note
-------+----------+-------------------------------------------
     0 | D:1      | qw the Deep Elf Hunter began the quest for the Orb.
     0 | D:1      | Reached XP level 1. HP: 12/12 MP: 3/3
     0 | D:1      | 0 ||| qw: Version: 0.3-a-9-g12657ce
     0 | D:1      | 0 ||| qw: Game counter: 1988
     0 | D:1      | 0 ||| qw: Always use a shield: true
     0 | D:1      | 0 ||| qw: God list: Okawaru
     0 | D:1      | 0 ||| qw: Allow faded altars: false
     0 | D:1      | 0 ||| qw: Do Orc after D:15 true
     0 | D:1      | 0 ||| qw: Do second Lair branch before Depths: true
     0 | D:1      | 0 ||| qw: Lair rune preference: random
     0 | D:1      | 0 ||| qw: Plans: Normal
     0 | D:1      | 0 ||| PLANNING D:1-11
   176 | D:1      | Reached XP level 2. HP: 16/16 MP: 4/4
   179 | D:1      | Reached skill level 6 in Ranged Weapons
   694 | D:1      | 694 ||| DROPPING +6 ring of intelligence.
   695 | D:1      | 695 ||| READING scroll labelled GUGELU OSAFI.
   696 | D:1      | 696 ||| READING 2 scrolls labelled OSHAQ ATZIF.
   697 | D:1      | 697 ||| READING scroll labelled LADAJI BU CAO.
   701 | D:1      | 701 ||| DROPPING scroll of butterflies.
   856 | D:2      | Reached XP level 3. HP: 20/20 MP: 5/5
   864 | D:2      | Reached skill level 7 in Ranged Weapons
  1112 | D:2      | Reached XP level 4. HP: 25/25 MP: 6/6
  1709 | D:2      | 1709 ||| UPGRADING to +1 pair of gloves.
  1714 | D:2      | 1714 ||| READING scroll labelled CUIL RUGEUTRIA.
  1715 | D:2      | 1715 ||| READING scroll labelled UBEBBA OJEEKA.
  1716 | D:2      | 1716 ||| READING scroll labelled FET WAOHOET.
  1759 | D:2      | 1759 ||| READING scroll labelled ANNAJU DEPN.
  1760 | D:2      | 1760 ||| READING 2 scrolls of identify.
  1760 | D:2      | 1760 ||| IDENTIFYING viscous green potion
  1762 | D:2      | 1762 ||| Stepping ~*~*~tactically~*~*~ (cloud).
  1765 | D:2      | HP: 6/25 [poisoned by you (poison gas)]
  1770 | D:2      | HP: 3/25 [poisoned by you (poison gas)]
  1918 | D:3      | Found a runed translucent gate.
  1919 | D:3      | Found a runed translucent gate.
  1919 | D:3      | Found a runed translucent gate.
  1919 | D:3      | Found an opulent altar of Gozag.
  1991 | D:3      | Found a shimmering blue altar of Sif Muna.
  2045 | D:3      | Found a sacrificial altar of Ru.
  2152 | D:3      | Reached skill level 8 in Ranged Weapons
  2216 | D:3      | Noticed qw's ghost (amateur GrFi)
  2216 | D:3      | Noticed a kobold brigand
  2354 | D:3      | Found a hide-covered altar of Uskayaw.
  2415 | D:3      | Reached XP level 5. HP: 23/29 MP: 7/7
  2506 | D:3      | Found a snail-covered altar of Cheibriados.
  2773 | D:3      | 2773 ||| UPGRADING to +0 scale mail.
  2783 | D:3      | 2783 ||| DROPPING +0 leather armour.
  2784 | D:3      | 2784 ||| UPGRADING to +0 ring mail.
  2794 | D:3      | 2794 ||| DROPPING +0 scale mail.
  2795 | D:3      | 2795 ||| READING scroll labelled KAGARUI TOFA.
  2796 | D:3      | 2796 ||| DRINKING 2 fuming red potions.
  2813 | D:4      | Noticed a lemure
  2813 | D:4      | Noticed a lemure
  2815 | D:4      | Noticed a lemure
  2816 | D:4      | Noticed Pikel
  2817 | D:4      | Noticed a lemure
  2823 | D:4      | Killed a lemure
  2824 | D:4      | HP: 7/29 [Pikel/+1 whip of freezing (2)]
  2825 | D:4      | 2825 ||| READING 2 scrolls of teleportation.
  2827 | D:4      | 2827 ||| DRINKING potion of curing.
  2827 | D:4      | 2827 ||| (to cure confusion)
  2828 | D:4      | Slain by Pikel

Levels and vault maps discovered:
D:1:      minmay_arrival_jagged, layout_loops_ring, minmay_misc_feat_tower,
          minmay_door_square
D:2:      layout_basic, dreamdust_wishing_well, grunt_ministairs_14,
          minmay_quadrilaterals
D:3:      layout_loops_ring, mainiacjoe_overflow_six_doors_small,
          nicolae_uskayaw_suspiria, nicolae_sif_muna_condensation, slow_altar_2,
          ebering_ghost_gozag
D:4:      layout_loops_ring, uniq_eustachio, uniq_pikel

Skill      XL: |  1  2  3  4 |
---------------+-------------+-----
Ranged Weapons | 6 7 8 |  8.9
Fighting       | |  1.5
Dodging        | |  2.4
Stealth        | |  1.2

Action                     |  1- 3 |  4- 6 || total
---------------------------+-------+-------++-------
   Fire: Shortbow          |    73 |   109 ||   182
    Use: Scroll            |     3 |     7 ||    10
         Potion            |       |     2 ||     2
 Armour: Leather armour    |     5 |     7 ||    12
         Ring mail         |       |     8 ||     8
  Dodge: Dodged            |     9 |    30 ||    39

Table legend:
 A = Non-vault XP
 B = Vault XP
 C = Vault XP percentage of total XP
 D = Non-vault monster count
 E = Vault monster count
 F = Vault count percentage of total count
                 A         B        C        D         E       F
            +---------+---------+-------+---------+---------+-------
      Total |     232 |      42 |  15.3 |      56 |      10 |  15.2
            +---------+---------+-------+---------+---------+-------
        D:1 |      37 |       0 |   0.0 |      20 |       0 |   0.0
        D:2 |      60 |      24 |  28.6 |      11 |       9 |  45.0
        D:3 |     134 |      18 |  11.8 |      24 |       1 |   4.0
        D:4 |       1 |       0 |   0.0 |       1 |       0 |   0.0
            +---------+---------+-------+---------+---------+-------
